 Dungeon Crawl Stone Soup version 0.31.0-32-g396128a36d (webtiles) character file.

Game seed: 17279794198249343076

2359 Arcadio the Nimble (level 9, -2/82 (97) HPs)
             Began as a Vampire Alchemist on Apr 8, 2024.
             Was a Priest of Kikubaaqudgha.
             Slain by Maggie
             ... wielding a +1 morningstar of flaming
              (3 damage)
             ... on level 6 of the Dungeon.
             The game lasted 00:21:33 (6790 turns).

Arcadio the Nimble (Vampire Alchemist)              Turns: 6790, Time: 00:21:34

HP:   -2/82 (97)    AC: 24    Str:  7    XL:     9   Next: 20%
MP:   20/28         EV:  2    Int: 27    God:    Kikubaaqudgha [***...]
Gold: 340           SH:  0    Dex: 15    Spells: 5/21 levels left

rFire   . . .        G - +0 rapier
rCold   . . .        (no shield)
rNeg    . . .        F - melded +2 robe "Hulilub" {rC- rCorr SInv}
rPois   +            (helmet currently unavailable)
rElec   .            A - melded +0 cloak
rCorr   .            (gloves currently unavailable)
SInv    +            q - melded +0 pair of boots
Will    .....        r - amulet of faith
Stlth   +++          o - ring of Dishonesty {MP+9 Stlth+}
HPRegen 0.53/turn    t - +6 ring of intelligence
MPRegen 0.21/turn

%: faith
@: tree-form, mesmerised, healing quickly, studying Maces & Flails, heavily
drained
A: stationary, stasis, torment immunity, boosted hp, alive, (fangs 3), see
invisible, vampiric 2
a: Exsanguinate, Renounce Religion, Unearth Wretches


You were on level 6 of the Dungeon.
You worshipped Kikubaaqudgha.
Kikubaaqudgha was most pleased with you.
You were a tree.
You visited 2 branches of the dungeon, and saw 7 of its levels.

You collected 340 gold pieces.

Inventory:

Hand Weapons
 d - a +0 short sword
 G - a +0 rapier (weapon)
Missiles
 n - 2 throwing nets
Armour
 a - a +0 robe
 q - a +0 pair of boots (melded)
 A - a +0 cloak (melded)
 F - the +2 robe "Hulilub" (melded) {rC- rCorr SInv}
   (You found it on level 5 of the Dungeon)

   rC-:       It makes you vulnerable to cold.
   SInv:      It lets you see invisible.
   rCorr:     It protects you from acid and corrosion.
Jewellery
 o - the ring of Dishonesty (left branch) {MP+9 Stlth+}
   (You found it on level 2 of the Dungeon)

   [ring of magical power]

   MP+9:      It affects your magic capacity (+9).
   Stlth+:    It makes you more stealthy.
 r - an amulet of faith (around neck)
 t - a +6 ring of intelligence (right branch)
 v - a +6 ring of dexterity
 w - an amulet of magic regeneration
 x - a ring of poison resistance
Scrolls
 c - a scroll of enchant weapon {unknown}
 e - 5 scrolls of identify {unknown}
 i - a scroll of revelation {unknown}
 k - a scroll of brand weapon {unknown}
 l - 2 scrolls of amnesia {unknown}
 m - 3 scrolls of noise {unknown}
 p - a scroll of torment {unknown}
 y - a scroll of immolation {unknown}
 B - a scroll of acquirement {unknown}
 E - a scroll of vulnerability {unknown}
 H - a scroll of enchant armour {unknown}
 I - a scroll of fear {unknown}
 K - a scroll of silence {unknown}
Potions
 b - 2 potions of magic
 f - a potion of might {unknown}
 h - a potion of haste {unknown}
 j - a potion of brilliance {unknown}
 s - a potion of ambrosia {unknown}
 u - a potion of attraction {unknown}
 z - 3 potions of curing
 C - a potion of degeneration {unknown}
 D - a potion of mutation {unknown}
 J - a potion of heal wounds {unknown}


   Skills:
 - Level 4.2 Fighting
 + Level 8.1 Dodging
 - Level 3.0 Stealth
 + Level 6.8 Spellcasting
 - Level 0.6 Conjurations
 + Level 6.5 Alchemy


You had 5 spell levels left.
You knew the following spells:

 Your Spells              Type           Power      Damage    Failure   Level
a - Sting                 Conj/Alch      100%       1d9       1%          1
b - Mercury Vapours       Alch/Air       52%        N/A       2%          2
c - Kiss of Death         Conj/Necr      40%        2d8       5%          1
d - Olgreb's Toxic Radia  Alch           44%        N/A       4%          4
e - Cigotuvi's Dreadful   Necr/Alch/Air  42%        N/A       3%          2
f - Alistair's Intoxicat  Alch           29%        N/A       11%         5
g - Apportation           Tloc           18%        N/A       6%          1

Your spell library contained the following spells:

 Spells                   Type           Power      Damage    Failure   Level
 Mephitic Cloud           Conj/Alch/Air  22%        N/A       7%          3
 Ensorcelled Hibernation  Hex/Ice        18%        N/A       9%          2
 Jinxbite                 Hex            18%        N/A       9%          2
 Sublimation of Blood     Necr           9%         N/A       9%          2
 Sticky Flame             Fire/Alch      26%        2d6       16%         4
 Confusing Touch          Hex            9%         N/A       19%         3
 Passwall                 Erth           9%         N/A       19%         3
 Swiftness                Air            9%         N/A       19%         3
 Animate Dead             Necr           9%         N/A       52%         4
 Dispel Undead            Necr           9%         3d8       52%         4
 Martyr's Knell           Necr/Summ      9%         N/A       52%         4
 Borgnjor's Vile Clutch   Necr/Erth      4%         N/A       86%         5
 Curse of Agony           Necr           9%         N/A       86%         5
 Death Channel            Necr           4%         N/A       100%        6


Dungeon Overview and Level Annotations

Branches:
Dungeon (6/15)             Temple (1/1) D:4

Altars:
Ashenzari
Dithmenos
Gozag
Hepliaklqana
Kikubaaqudgha
Makhleb
Nemelex Xobeh
Okawaru
Qazlal
Ru
Sif Muna
Trog
Wu Jian
Yredelemnul

Annotations:
D:6 exclusion: wight, Maggie


Innate Abilities, Weirdness & Mutations

You are a tree.
Your roots penetrate the ground, keeping you stationary.
You cannot be teleported.
You are immune to unholy pain and torment.
Your maximum health is greatly increased.
Your equipment is partially melded.
Your natural rate of healing is accelerated.
((You have razor-sharp teeth.))
You have supernaturally acute eyesight. (SInv)
You are afflicted with vampirism and can become a bat while bloodless.


Message History

You cannot move. (Use ctrl+direction or * direction to attack while stationary and confused.)
You cannot move. (Use ctrl+direction or * direction to attack while stationary and confused.)
You cannot move. (Use ctrl+direction or * direction to attack while stationary and confused.)
You cannot move. (Use ctrl+direction or * direction to attack while stationary and confused.)
You cannot move. (Use ctrl+direction or * direction to attack while stationary and confused.)
You feel better.
Maggie hits you with a +1 morningstar of flaming!
Maggie burns you.
You hit Maggie but do no damage.
Maggie is moderately wounded.
Maggie hits you but does no damage.
You closely miss Maggie.
Maggie is moderately wounded.
Maggie mumbles some strange words.
Maggie draws you further into her thrall.
Casting: Olgreb's Toxic Radiance (dangerous; 4% risk of failure)
Confirm with . or Enter, or press ? or * to list all spells.
Aiming: Sting (safe; 1% risk of failure)
Press: ? - help, Shift-Dir - straight line, f/p - Maggie
Aim: Maggie, wielding a +1 morningstar of flaming, wearing +2 swamp dragon scales and carrying a wand of charming (moderately wounded, mesmerising, 81% to hit)
The sting hits Maggie but does no damage.
Maggie is poisoned.
Maggie is moderately wounded.
Maggie hits you with a +1 morningstar of flaming!
* * * LOW HITPOINT WARNING * * *
Maggie burns you.
* * * LOW HITPOINT WARNING * * *
Casting: Sting (safe; 1% risk of failure)
Confirm with . or Enter, or press ? or * to list all spells.
Aiming: Sting (safe; 1% risk of failure)
Press: ? - help, Shift-Dir - straight line, f/p - Maggie
Aim: Maggie, wielding a +1 morningstar of flaming, wearing +2 swamp dragon scales and carrying a wand of charming (moderately wounded, mesmerising, poisoned, 81% to hit)
The sting hits Maggie but does no damage.
Maggie looks even sicker.
Maggie is moderately wounded.
Maggie hits you with a +1 morningstar of flaming!
* * * LOW HITPOINT WARNING * * *
Maggie burns you.
You die...
Kikubaaqudgha rasps: "You have failed me!
Welcome... death!"

............#..'......#@#
...####..#..#..#####.##.#
.........#..#..# #.##.#
.#.#.....#..#..#####)##.#
.#.#.....#..#..)....)##.#
.#....#..#..#........##.#
+#..........###########.#
...#..#####.....@.......#
...#.........###♣..##.###
...#.######## ##.....#
...#$# ##.#### ...#z#
###########.# )..#zz
............##
....######..######..#
....................#
.....####.....####..#
.....#..##...##..#..#


You could see Maggie (mesmerising, very poisoned).

Vanquished Creatures
  A steam dragon (D:6)
  Duvessa (D:6)
  A black bear (D:6)
  3 ice beasts
  2 ogres
  2 centaurs
  Blork the orc (D:5)
  2 bullfrogs (D:6)
  5 scorpions
  Dowan (D:5)
  A howler monkey (D:4)
  2 jellies (D:5)
  A bombardier beetle (D:3)
  Crazy Yiuf (D:4)
  An orc priest (D:4)
  6 hounds
  A gnoll bouda (D:6)
  4 iguanas
  3 sleepcaps
  5 orc wizards
  8 gnolls
  2 adders
  2 white imps
  A ribbon worm (D:4)
  A dart slug (D:5)
  10 orcs
  10 ball pythons
  8 endoplasms
  4 giant cockroaches
  5 goblins
  15 hobgoblins
  2 bats
  5 frilled lizards
  5 kobolds
  5 rats
127 creatures vanquished.

Notes
Turn   | Place    | Note
-------+----------+-------------------------------------------
     0 | D:1      | Arcadio the Vampire Alchemist began the quest for the Orb.
     0 | D:1      | Reached XP level 1. HP: 13/13 MP: 3/3
   358 | D:1      | Reached XP level 2. HP: 20/20 MP: 3/5
   594 | D:1      | Reached skill level 1 in Fighting
  1101 | D:1      | Gained mutation: You are afflicted with vampirism and can
                  | become a bat while bloodless. [Vampire growth]
  1101 | D:1      | Reached XP level 3. HP: 26/26 MP: 6/6
  1572 | D:2      | Found a bloodstained altar of Trog.
  1637 | D:2      | Reached skill level 3 in Dodging
  1684 | D:2      | Found a faded altar of an unknown god.
  1690 | D:2      | Prayed at the altar of an unknown god.
  1690 | D:2      | Became a worshipper of Kikubaaqudgha
  1690 | D:2      | Reached * piety under Kikubaaqudgha
  1690 | D:2      | Received a gift from Kikubaaqudgha
  1695 | D:2      | Learned a level 2 spell: Mercury Vapours
  2097 | D:2      | Identified the ring of Dishonesty {MP+9 Stlth+}
  2319 | D:3      | Learned a level 1 spell: Kiss of Death
  2347 | D:3      | Reached XP level 4. HP: 28/33 MP: 8/8
  2649 | D:3      | Found an iron altar of Okawaru.
  3045 | D:4      | Reached XP level 5. HP: 39/39 MP: 9/9
  3125 | D:4      | Reached ** piety under Kikubaaqudgha
  3213 | D:4      | Reached skill level 4 in Dodging
  3365 | D:4      | Learned a level 4 spell: Olgreb's Toxic Radiance
  3628 | D:4      | Found a staircase to the Ecumenical Temple.
  3655 | Temple   | Entered the Ecumenical Temple
  3724 | D:4      | Reached XP level 6. HP: 46/47 MP: 11/11
  3854 | D:4      | Found a sparkling altar of Nemelex Xobeh.
  4355 | D:4      | Found a runed translucent door.
  4356 | D:4      | Noticed Crazy Yiuf
  4501 | D:4      | Learned a level 2 spell: Cigotuvi's Dreadful Rot
  4524 | D:4      | Killed Crazy Yiuf
  4616 | D:5      | Entered Level 5 of the Dungeon
  4621 | D:5      | Noticed Blork the orc
  4636 | D:5      | Killed Blork the orc
  4637 | D:5      | Reached skill level 5 in Dodging
  4637 | D:5      | Reached XP level 7. HP: 15/49 MP: 11/13
  4721 | D:5      | HP: 3/73 [acid (4)]
  5264 | D:5      | Noticed a vampire
  5503 | D:5      | Reached skill level 5 in Spellcasting
  5517 | D:5      | Identified the +2 robe "Hulilub" {rC- rCorr SInv}
  5618 | D:6      | Noticed Duvessa
  5618 | D:6      | Noticed Dowan
  5627 | D:6      | Reached skill level 6 in Dodging
  5627 | D:6      | Killed Duvessa
  5628 | D:6      | Reached XP level 8. HP: 16/60 MP: 9/15
  5631 | D:5      | Killed Dowan
  5785 | D:6      | Found a shimmering blue altar of Sif Muna.
  5840 | D:6      | Noticed Maggie
  5904 | D:6      | Learned a level 5 spell: Alistair's Intoxication
  5906 | D:6      | Learned a level 1 spell: Apportation
  6064 | D:6      | Reached *** piety under Kikubaaqudgha
  6064 | D:6      | Received a gift from Kikubaaqudgha
  6079 | D:6      | Reached skill level 5 in Alchemy
  6096 | D:6      | Reached skill level 7 in Dodging
  6203 | D:6      | Found a broken altar of Ashenzari.
  6509 | D:6      | Reached XP level 9. HP: 56/65 MP: 18/18
  6536 | D:6      | Reached skill level 8 in Dodging
  6790 | D:6      | HP: 1/82 [Maggie/+1 morningstar of flaming (10)]
  6790 | D:6      | Slain by Maggie

Illustrated notes

Levels and vault maps discovered:
D:1:      evilmike_arrival_rings, layout_basic, palyth_stone_intersect,
          nicolae_hexahallways, roderic_lattice_a, st_stairs_9
D:2:      layout_basic, basic_altar, shapermc_ecumenical_altar_acropolis,
          roderic_serpentine_path
D:3:      layout_basic, lemuel_doored_altar, kennysheep_generic_room_8
D:4:      layout_loops_ring, mainiacjoe_overflow_six_doors_small,
          minmay_temple_entry_ruins, minmay_manual_moon, uniq_crazy_yiuf_cottage
D:5:      layout_basic, chequers_jeans, dk_vineyard_1, uniq_blork_the_orc
D:6:      cheibrodos_barr_body, layout_basic,
          mainiacjoe_overflow_concentric_impassable,
          mainiacjoe_overflow_24_doors, billiards_dpeg, uniq_maggie,
          uniq_duvessa
Temple:   chequers_temple_sunken

Skill      XL: |  1  2  3  4  5  6  7  8  9 |
---------------+----------------------------+-----
Fighting       | 1 2 3 4 |  4.2
Dodging        | 3 4 5 6 7 8 |  8.1
Spellcasting   | 3 4 5 6 |  6.8
Alchemy        | 4 6 |  6.5
Stealth        | |  3.0
Conjurations   | |  0.6

Action                     |  1- 3 |  4- 6 |  7- 9 || total
---------------------------+-------+-------+-------++-------
  Melee: Short sword       |   104 |    60 |    50 ||   214
         Bite              |    13 |     5 |    24 ||    42
         Punch             |     2 |       |     2 ||     4
         Rapier            |       |       |    90 ||    90
   Cast: Sting             |    29 |    73 |    92 ||   194
         Mercury Vapours   |       |    11 |    22 ||    33
         Olgreb's Toxic Ra |       |     1 |     9 ||    10
         Kiss of Death     |       |     1 |     3 ||     4
         Cigotuvi's Dreadf |       |     1 |     4 ||     5
    Use: Potion            |       |       |     5 ||     5
   Stab: Sleeping          |     5 |     4 |     1 ||    10
 Armour: Robe              |    41 |    53 |   109 ||   203
         Skin              |       |       |     7 ||     7
  Dodge: Dodged            |    72 |    59 |   182 ||   313
